 Dungeon Crawl Stone Soup version 0.29-a0-330-g52719c12eb (webtiles) character file.

Game seed: 6795328579442380452

1694 vineage the Fighter (level 9, -25/60 HPs)
             Began as a Gargoyle Fighter on May 25, 2022.
             Killed from afar by Maggie (48 damage)
             ... with a bolt of fire
             ... on level 6 of the Dungeon.
             The game lasted 00:05:34 (5392 turns).

vineage the Fighter (Gargoyle Fighter)              Turns: 5392, Time: 00:05:35

Health: -25/60     AC: 13    Str: 21    XL:     9   Next: 2%
Magic:  9/9        EV: 15    Int: 10    God:
Gold:   294        SH:  5    Dex: 15    Spells: 8/8 levels left

rFire   . . .      SeeInvis .   a - +0 flail
rCold   + . .      Faith    .   c - +0 buckler
rNeg    + . .      Spirit   .   l - +2 robe of Sicsapla {rElec Will+ Regen+ Dex+4}
rPois   ∞          Reflect  .   (no helmet)
rElec   +          Harm     .   h - +1 cloak
rCorr   .          Rampage  .   (no gloves)
Will    +....                   (no boots)
Stlth   +.........              (no amulet)
HPRegen 1.00/turn               j - ring of protection from cold
MPRegen 0.11/turn               n - +4 ring of evasion

@: mighty, mesmerised
A: sickness immunity, AC +6, negative energy resistance 1, electricity
resistance, torment resistance 1, petrification resistance
a: no special abilities


You were on level 6 of the Dungeon.
You visited 1 branch of the dungeon, and saw 6 of its levels.

You collected 294 gold pieces.

Inventory:

Hand Weapons
 a - a +0 flail (weapon)
Missiles
 m - 2 throwing nets (quivered)
Armour
 b - a +0 scale mail
 c - a +0 buckler (worn)
 h - a +1 cloak (worn)
 l - the +2 robe of Sicsapla (worn) {rElec Will+ Regen+ Dex+4}
   (You found it on level 2 of the Dungeon)

   Dex:       It affects your dexterity (+4).
   rElec:     It insulates you from electricity.
   Regen:     It increases your rate of health regeneration.
   Will:      It increases your willpower.
Jewellery
 j - a ring of protection from cold (left hand)
 n - a +4 ring of evasion (right hand)
 s - a ring of magical power
Wands
 e - a wand of flame (21)
 u - a wand of digging (6)
Scrolls
 f - 5 scrolls of teleportation
 g - 2 scrolls of fog
 k - 3 scrolls of magic mapping
 o - a scroll of fear
 p - a scroll of identify
 t - a scroll of enchant armour
Potions
 d - a potion of might
 i - 4 potions of haste
 q - a potion of attraction
 v - a potion of lignification
 w - a potion of magic


   Skills:
 * Level 9.3 Fighting
 + Level 4.9 Maces & Flails
 + Level 5.9 Armour
 + Level 5.9 Shields


You had 8 spell levels left.
You didn't know any spells.
Your spell library contained the following spells:

 Spells                   Type           Power      Damage    Failure   Level
 Animate Skeleton         Necr           0%         N/A       43%         1
 Pain                     Necr           0%         1d4       43%         1
 Shock                    Conj/Air       0%         1d3       43%         1
 Swiftness                Air            0%         N/A       82%         3
 Vampiric Draining        Necr           0%         2d6       82%         3
 Airstrike                Air            0%         N/A       99%         4


Dungeon Overview and Level Annotations

Branches:
Dungeon (6/15)
 Temple: D:4-7

Altars:
Uskayaw

Shops:
D:2 ?

Annotations:
D:6 Maggie


Innate Abilities, Weirdness & Mutations

You are immune to sickness and miasma.
Your stone body is resilient. (AC +6)
You are immune to poison.
You resist negative energy. (rN+)
You are resistant to electric shocks. (rElec)
You are resistant to unholy torment.
You are immune to petrification.


Message History

You thump Maggie!
Maggie is moderately wounded.
Maggie points at you and mumbles some strange words.
The bolt of fire hits you!!
You hit Maggie but do no damage.
Maggie is moderately wounded.
Maggie hits you with a +2 long sword of flaming.
Maggie burns you.
Maggie hits you with a +2 long sword of flaming!
Maggie burns you.
You are too injured to fight recklessly!
You are too injured to fight recklessly!
You are too injured to fight recklessly!
You are too injured to fight recklessly!
You are too injured to fight recklessly!
You are too injured to fight recklessly!
You are too injured to fight recklessly!
You are too injured to fight recklessly!
You are too injured to fight recklessly!
You are too injured to fight recklessly!
You are too injured to fight recklessly!
You are too injured to fight recklessly!
You are too injured to fight recklessly!
You are too injured to fight recklessly!
You are too injured to fight recklessly!
You feel very mighty all of a sudden. Maggie barely misses you.
You sock Maggie!
Maggie is moderately wounded.
Maggie barely misses you.
You hit Maggie.
Maggie is heavily wounded.
Maggie gestures wildly while chanting.
Maggie draws you further into her thrall.
You hit Maggie.
Maggie is heavily wounded.
Maggie casts a spell at you. The bolt of fire hits you!!!
Ouch! That really hurt!
You die...

#. #.. ##.## ###
##...# ..### #....
.... #... ..#
#######.####.#
...........@@#
######.###### #.# #.#
###.#### #......#
#.#.##.# #.#.##.######
#########.#.##.##...##


You could see Maggie (mesmerising, empowered).

Vanquished Creatures
  An acid dragon (D:6)
  4 black bears
  An ogre (D:5)
  A centaur (D:5)
  4 kobold brigands
  A bullfrog (D:6)
  A scorpion (D:5)
  2 hounds
  A jelly (D:6)
  An orc priest (D:5)
  Crazy Yiuf (D:2)
  Jessica (D:2)
  An iguana (D:5)
  4 orc wizards
  Robin (D:3)
  20 gnolls
  5 adders
  A white imp (D:5)
  3 dart slugs
  4 orcs
  A bat (D:2)
  3 endoplasms
  A giant cockroach (D:2)
  13 goblins
  11 hobgoblins
  10 jackals
  49 kobolds
  4 quokkas
  3 ball pythons
  2 frilled lizards
  3 rats
158 creatures vanquished.

Vanquished Creatures (others)
  5 plants (D:1)
5 creatures vanquished.

Grand Total: 163 creatures vanquished

Notes
Turn   | Place    | Note
-------+----------+-------------------------------------------
     0 | D:1      | vineage the Gargoyle Fighter began the quest for the Orb.
     0 | D:1      | Reached XP level 1. HP: 14/14 MP: 1/1
   150 | D:1      | Found a faded altar of an unknown god.
   190 | D:1      | Reached XP level 2. HP: 20/20 MP: 2/2
   386 | D:1      | Reached skill level 4 in Fighting
   741 | D:1      | Reached XP level 3. HP: 13/24 MP: 3/3
  1509 | D:2      | Found Neomus's Magic Scroll Shoppe.
  1552 | D:2      | Identified the +2 robe of Sicsapla {rElec Will+ Regen+
                  | Dex+4}
  1653 | D:2      | Reached skill level 5 in Fighting
  1658 | D:2      | Reached XP level 4. HP: 23/31 MP: 4/4
  1848 | D:2      | Found a runed translucent door.
  1849 | D:2      | Noticed Crazy Yiuf
  2079 | D:2      | Noticed Jessica
  2083 | D:2      | Killed Jessica
  2084 | D:2      | Reached skill level 6 in Fighting
  2084 | D:2      | Reached XP level 5. HP: 29/36 MP: 5/5
  2272 | D:2      | Killed Crazy Yiuf
  2567 | D:3      | Noticed Robin
  2582 | D:3      | Killed Robin
  2694 | D:3      | Reached XP level 6. HP: 42/42 MP: 6/6
  2847 | D:4      | Noticed a black bear
  2860 | D:4      | Killed a black bear
  2896 | D:4      | Found a hide-covered altar of Uskayaw.
  2958 | D:4      | Noticed a black bear
  2974 | D:4      | Killed a black bear
  2975 | D:4      | Reached skill level 7 in Fighting
  3246 | D:4      | Reached XP level 7. HP: 41/48 MP: 7/7
  3802 | D:4      | Reached skill level 8 in Fighting
  3802 | D:4      | Reached XP level 8. HP: 40/54 MP: 8/8
  4162 | D:5      | Entered Level 5 of the Dungeon
  4284 | D:5      | Reached skill level 5 in Armour
  4284 | D:5      | Reached skill level 5 in Shields
  5030 | D:6      | Reached skill level 9 in Fighting
  5340 | D:6      | Reached XP level 9. HP: 60/60 MP: 9/9
  5382 | D:6      | Noticed Maggie
  5392 | D:6      | Killed from afar by Maggie

Illustrated notes

Levels and vault maps discovered:
D:1:      nicolae_arrival_somewhat_less_tricky_arrival, layout_loops_corners,
          ebering_ecumenical_altar_ruins, serial_bayou_lagoon_b
D:2:      layout_basic, serial_shops, nicolae_square_shop, uniq_jessica,
          uniq_crazy_yiuf_cottage
D:3:      layout_rooms, uniq_robin
D:4:      minmay_goblin_kobold_castle, layout_cave_pods,
          nicolae_uskayaw_suspiria, serial_column_ruins,
          column_ruins_square_small, column_ruins_hut,
          column_ruins_corridor_straight, column_ruins_open_tiny,
          column_ruins_open_tiny, column_ruins_open_small, column_ruins_grid_3
D:5:      layout_cave_pods, minmay_holes
D:6:      layout_loops_corners, minmay_temple_entry_hall, uniq_eustachio,
          uniq_blork_the_orc, uniq_duvessa, uniq_maggie, uniq_menkaure

Skill      XL: |  1  2  3  4  5  6  7  8 |
---------------+-------------------------+-----
Fighting       | 4 5 6 7 8 9 |  9.3
Maces & Flails | 3 4 |  4.9
Armour         | 4 5 |  5.9
Shields        | 4 5 |  5.9

Action                   |  1- 3 |  4- 6 |  7- 9 || total
-------------------------+-------+-------+-------++-------
Melee: Flail             |    90 |   157 |   401 ||   648
  Use: Scroll            |     5 |     2 |     5 ||    12
       Potion            |       |       |     2 ||     2
Armor: Scale mail        |    69 |       |       ||    69
       Robe              |     6 |    83 |   188 ||   277
Dodge: Dodged            |    74 |   161 |   344 ||   579
Block: Buckler           |    33 |    61 |   135 ||   229

Table legend: (Time is in decaauts)
 A = Elapsed time spent in this place.
 B = Non-inter-level travel time spent in this place.
 C = Inter-level travel time spent in this place.
 D = Time resting spent in this place.
 E = Time spent auto-exploring this place.
 F = Levels seen in this place.
 G = Mean time per level.
                   A        B        C        D        E       F      G
               +--------+--------+--------+--------+--------+-----+--------+
         Total |   5596 |   5382 |    214 |    267 |   3860 |   6 |  932.7 |
       Dungeon |   5596 |   5382 |    214 |    267 |   3860 |   6 |  932.7 |
               +--------+--------+--------+--------+--------+-----+--------+

Top non-repeatable levels by time:
     D:4: 1386 daAuts
     D:1: 1242 daAuts
     D:2: 1215 daAuts
     D:5: 830 daAuts
     D:3: 475 daAuts
     D:6: 445 daAuts
